 Dungeon Crawl Stone Soup version 0.31-a0-188-g5e087ee2ca (webtiles) character file.

Game seed: 15284898349492093734

410 qw the Skirmisher (level 6, -3/36 HPs)
             Began as a Deep Elf Hunter on June 23, 2023.
             Slain by a scorpion (4 damage)
             ... in an ossuary.
             The game lasted 00:01:04 (2890 turns).

qw the Skirmisher (Deep Elf Hunter)                 Turns: 2890, Time: 00:01:05

Health: -3/36      AC:  5    Str: 10    XL:     6   Next: 58%
Magic:  8/8        EV: 11    Int: 14    God:
Gold:   183        SH:  0    Dex: 18    Spells: 5/5 levels left

rFire   . . .        Y - +0 shortbow
rCold   . . .        (shield currently unavailable)
rNeg    . . .        n - +0 ring mail
rPois   .            (no helmet)
rElec   .            (no cloak)
rCorr   .            (no gloves)
SInv    .            (no boots)
Will    .....        (no amulet)
Stlth   +            (no ring)
HPRegen 0.26/turn    (no ring)
MPRegen 0.11/turn

%: no passive effects
@: no status effects
A: no striking features
a: no special abilities


You were in an ossuary.
You visited 1 branch of the dungeon, and saw 4 of its levels.
You also visited: Ossuary.

You collected 183 gold pieces.


   Skills:
 - Level 2.4 Fighting
 - Level 10.0 Ranged Weapons
 + Level 2.4 Dodging
 - Level 1.2 Stealth


You had 5 spell levels left.
You didn't know any spells.
Your spell library was empty.

Inventory:

Hand Weapons
 Y - a +0 shortbow (weapon)
Armour
 n - a +0 ring mail (worn)
Jewellery
 e - a ring of ice
 k - a ring of fire
Scrolls
 h - a scroll of identify
Potions
 a - a potion of cancellation
 b - a potion of haste
 l - a potion of resistance
 m - a potion of curing

Dungeon Overview and Level Annotations

Branches:
Dungeon (4/15)            Ossuary (1/1)
 Temple: D:4-7

Altars:


Message History

The human zombie hits you but does no damage.
The scorpion closely misses you.
You shoot an arrow.
The arrow hits the scorpion but does no damage.
The human zombie hits you. The scorpion closely misses you.
You shoot an arrow. The arrow hits the scorpion.
The scorpion is moderately wounded.
The scorpion stings you.
You are poisoned.
The scorpion poisons you! The human zombie hits you.
You shoot an arrow. The arrow barely misses the scorpion.
You feel sick. The scorpion stings you. The human zombie hits you.
You shoot an arrow.
The arrow hits the scorpion but does no damage.
The scorpion is moderately wounded.
You feel sick.
The scorpion stings you but does no damage.
The human zombie hits you.
You shoot an arrow. The arrow closely misses the scorpion.
You feel sick. The scorpion closely misses you. The scorpion misses you.
You shoot an arrow. The arrow hits the scorpion.
The scorpion is heavily wounded.
You feel sick. The human zombie barely misses you.
The scorpion closely misses you.
You shoot an arrow.
The arrow completely misses the scorpion.
You feel sick.
The scorpion stings you but does no damage.
The human zombie hits you but does no damage.
You shoot an arrow.
The arrow hits the scorpion but does no damage.
The scorpion is heavily wounded.
You feel sick. The scorpion stings you.
The human zombie hits you but does no damage.
The scorpion closely misses you.
You shoot an arrow. The arrow barely misses the scorpion.
You feel sick.
You are no longer poisoned.
The scorpion stings you.
You die...

#...#... #...8...
#.......
##8...8##############
.......#...#...#...#
.8...#...8...'.\.#
#s.Z#.......#...#
######@###8...8###'##
#?!M#...#.......#...#
+..!#...'...8...#.\.#
#!..#...#...#...#...#
#####################


You could see a mummy, a scorpion and a human zombie.

Vanquished Creatures
  A scorpion (D:4)
  2 centaur zombies (Ossuary)
  3 hounds (D:4)
  A human zombie (Ossuary)
  An iguana (D:4)
  A scorpion zombie (Ossuary)
  5 adders
  2 worms
  An orc (D:4)
  4 bats
  5 endoplasms
  3 giant cockroaches
  2 gnoll zombies (Ossuary)
  6 goblins
  3 hobgoblins
  11 jackals
  5 quokkas
  4 ball pythons
  A frilled lizard (D:3)
  8 kobolds
  8 rats
77 creatures vanquished.

Notes
Turn   | Place    | Note
-------+----------+-------------------------------------------
     0 | D:1      | qw the Deep Elf Hunter began the quest for the Orb.
     0 | D:1      | Reached XP level 1. HP: 12/12 MP: 3/3
     0 | D:1      | 0 ||| qw: Version: 0.3-a-9-g12657ce
     0 | D:1      | 0 ||| qw: Game counter: 3868
     0 | D:1      | 0 ||| qw: Always use a shield: true
     0 | D:1      | 0 ||| qw: God list: Okawaru
     0 | D:1      | 0 ||| qw: Allow faded altars: false
     0 | D:1      | 0 ||| qw: Do Orc after D:15 true
     0 | D:1      | 0 ||| qw: Do second Lair branch before Depths: true
     0 | D:1      | 0 ||| qw: Lair rune preference: random
     0 | D:1      | 0 ||| qw: Plans: Normal
     0 | D:1      | 0 ||| PLANNING D:1-11
   267 | D:1      | Reached XP level 2. HP: 16/16 MP: 4/4
   269 | D:1      | Reached skill level 6 in Ranged Weapons
   615 | D:1      | Reached XP level 3. HP: 20/20 MP: 5/5
   675 | D:1      | 675 ||| UPGRADING to +0 ring mail.
   685 | D:1      | 685 ||| DROPPING +0 leather armour.
   686 | D:1      | 686 ||| READING scroll labelled GIWUGE TAMU.
   689 | D:1      | 689 ||| READING scroll labelled UPEGUVALEUD.
   690 | D:1      | 690 ||| READING scroll labelled IDYERO DORUIPN.
   691 | D:1      | 691 ||| READING 4 scrolls labelled WUWAUPA YMPIME.
   692 | D:1      | 692 ||| READING 3 scrolls of identify.
   692 | D:1      | 692 ||| IDENTIFYING orange potion
   693 | D:1      | 693 ||| READING 2 scrolls of identify.
   693 | D:1      | 693 ||| IDENTIFYING lumpy inky potion
   694 | D:1      | 694 ||| DROPPING scroll of butterflies.
   695 | D:1      | 695 ||| DROPPING potion of magic.
   696 | D:1      | 696 ||| DROPPING potion of invisibility.
   772 | D:2      | Reached skill level 7 in Ranged Weapons
   896 | D:2      | Reached XP level 4. HP: 25/25 MP: 6/6
  1399 | D:2      | 1399 ||| DRINKING 2 fizzy ruby potions.
  1400 | D:2      | 1400 ||| DRINKING 2 grey potions.
  1445 | D:3      | Reached skill level 8 in Ranged Weapons
  2134 | D:3      | 2134 ||| READING 2 scrolls labelled IZAYHI VOSH.
  2135 | D:3      | 2135 ||| READING 4 scrolls labelled PEZXIM LIPH.
  2136 | D:3      | 2136 ||| DROPPING scroll of poison.
  2137 | D:3      | 2137 ||| DROPPING 3 scrolls of fear.
  2139 | D:3      | 2139 ||| Stepping ~*~*~tactically~*~*~ (cloud).
  2227 | D:4      | 2227 ||| PLANNING OSSUARY
  2286 | D:4      | Reached XP level 5. HP: 28/29 MP: 7/7
  2375 | D:4      | Reached skill level 9 in Ranged Weapons
  2547 | D:4      | Reached XP level 6. HP: 25/36 MP: 8/8
  2675 | D:4      | Found a sand-covered staircase.
  2676 | D:4      | 2676 ||| READING 3 scrolls of identify.
  2676 | D:4      | 2676 ||| IDENTIFYING coppery potion
  2677 | D:4      | 2677 ||| READING 2 scrolls of identify.
  2677 | D:4      | 2677 ||| IDENTIFYING murky sapphire potion
  2683 | Ossuary  | Entered an ossuary
  2709 | Ossuary  | HP: 4/36 [human zombie (7)]
  2714 | Ossuary  | HP: 3/36 [gnoll zombie (1)]
  2879 | Ossuary  | Reached skill level 10 in Ranged Weapons
  2888 | Ossuary  | HP: 9/36 [poisoned by a scorpion]
  2889 | Ossuary  | HP: 2/36 [scorpion (6)]
  2890 | Ossuary  | Slain by a scorpion

Levels and vault maps discovered:
D:1:      wander_arrival_fairy_ring, layout_basic, nicolae_wormholes
D:2:      layout_basic, minmay_hedge_maze
D:3:      layout_loops_corners
D:4:      cheibrodos_helix_gallery, layout_loops_corners,
          nicolae_ru_path_of_blood, serial_co_window_serial,
          co_window_of_opportunity_a, co_window_of_opportunity_a,
          co_window_of_opportunity_a, co_window_paths_a, co_window_paths_a,
          co_window_paths_a, co_window_paths_a, co_window_2corner,
          co_window_2corner, co_window_unsneaky_path_a, glass_columns_b,
          nicolae_ossuary_entry_plus, nicolae_shop_i_like_small_books_too
Ossuary:  ossuary_minmay_scorpions

Skill      XL: |  1  2  3  4  5  6 |
---------------+-------------------+-----
Ranged Weapons | 6 7 8 9 10 | 10.0
Fighting       | 2 |  2.4
Dodging        | |  2.4
Stealth        | |  1.2

Action                     |  1- 3 |  4- 6 || total
---------------------------+-------+-------++-------
   Fire: Shortbow          |    91 |   164 ||   255
    Use: Scroll            |     6 |     4 ||    10
         Potion            |       |     2 ||     2
 Armour: Leather armour    |     5 |       ||     5
         Ring mail         |    10 |    39 ||    49
  Dodge: Dodged            |    40 |    54 ||    94

Table legend:
 A = Non-vault XP
 B = Vault XP
 C = Vault XP percentage of total XP
 D = Non-vault monster count
 E = Vault monster count
 F = Vault count percentage of total count
                 A         B        C        D         E       F
            +---------+---------+-------+---------+---------+-------
      Total |     411 |     175 |  29.9 |      68 |       9 |  11.7
            +---------+---------+-------+---------+---------+-------
        D:1 |      37 |       5 |  11.9 |      21 |       1 |   4.5
        D:2 |     101 |       0 |   0.0 |      30 |       0 |   0.0
        D:3 |      27 |       0 |   0.0 |      12 |       0 |   0.0
        D:4 |     246 |       5 |   2.0 |       5 |       2 |  28.6
    Ossuary |       0 |     165 | 100.0 |       0 |       6 | 100.0
            +---------+---------+-------+---------+---------+-------
